 Dungeon Crawl Stone Soup version 0.28.0-45-g0d030f2227 (webtiles) character file.

Game seed: 18354641124485403793

198 terff the Stinger (level 5, -2/36 HPs)
             Began as a Barachi Venom Mage on Apr 9, 2022.
             Was an Initiate of Gozag.
             Slain by a necrophage (5 damage)
             ... on level 4 of the Dungeon.
             The game lasted 00:09:36 (4072 turns).

terff the Stinger (Barachi Venom Mage)              Turns: 4072, Time: 00:09:37

Health: -2/36      AC:  2    Str: 10    XL:     5   Next: 77%
Magic:  10/10      EV: 12    Int: 17    God:    Gozag
Gold:   236        SH:  0    Dex: 12    Spells: 8/11 levels left

rFire   . . .      SeeInvis +   f - +0 dagger (elec)
rCold   + . .      Faith    .   (no shield)
rNeg    . . .      Spirit   .   a - +0 robe
rPois   .          Reflect  .   (no helmet)
rElec   .          Harm     .   (no cloak)
rCorr   .          Rampage  .   (no gloves)
Will    .....                   (no boots)
Stlth   ++........              k - amulet of magic regeneration
HPRegen 0.12/turn               b - ring of see invisible
MPRegen 0.52/turn               i - ring of protection from cold

@: about to teleport, gold aura, slow
A: amphibious, slowness 1, strong legs 1, +LOS
a: Hop, Renounce Religion, Potion Petition, Call Merchant, Bribe Branch


You were on level 4 of the Dungeon.
You worshipped Gozag.
Gozag was aware of your devotion.
You visited 1 branch of the dungeon, and saw 4 of its levels.

You collected 300 gold pieces.
You paid 64 gold pieces to Gozag.

Inventory:

Hand Weapons
 f - a +0 dagger of electrocution (weapon)
Armour
 a - a +0 robe (worn)
Jewellery
 b - a ring of see invisible (left hand)
 i - a ring of protection from cold (right hand)
 j - an amulet of the acrobat
 k - an amulet of magic regeneration (around neck)
Scrolls
 d - a scroll of fog
Potions
 c - 2 potions of lignification {unknown}
 g - a potion of mutation {unknown}
 h - 2 potions of might


   Skills:
 + Level 0.3 Fighting
 + Level 0.2 Short Blades
 + Level 2.6 Dodging
 + Level 2.1 Stealth
 + Level 3.9 Spellcasting
 + Level 2.3 Transmutations
 + Level 1.2 Air Magic
 + Level 4.5 Poison Magic


You had 8 spell levels left.
You knew the following spells:

 Your Spells              Type           Power      Damage    Failure   Level
a - Sting                 Tmut/Pois      56%        1d5       4%          1
b - Poisonous Vapours     Pois/Air       26%        N/A       8%          2

Your spell library contained the following spells:

 Spells                   Type           Power      Damage    Failure   Level
 Mephitic Cloud           Conj/Pois/Air  9%         N/A       22%         3
 Olgreb's Toxic Radiance  Pois           18%        N/A       24%         4


Dungeon Overview and Level Annotations

Branches:
Dungeon (4/15)
 Temple: D:4-7

Altars:
Fedhas
Gozag
Vehumet


Innate Abilities, Weirdness & Mutations

You are amphibious.
You cover ground slowly.
You can hop short distances.
You have an extended range of vision and can be seen from far away.


Message History

The necrophage is lightly damaged.
The necrophage misses you.
You hit the ogre but do no damage.
The ogre is severely wounded.
The necrophage closely misses you. The ogre barely misses you.
You completely miss the ogre.
The ogre is severely wounded.
The necrophage hits you!
Casting: Sting (safe; 4% risk of failure)
Confirm with . or Enter, or press ? or * to list all spells.
Aiming: Sting (safe; 4% risk of failure)
Press: ? - help, Shift-Dir - straight line, f - ogre, p - necrophage
Aim: an ogre, wielding a +0 giant club (severely wounded, very poisoned, 86% to hit)
The sting hits the ogre.
The ogre looks even sicker.
The ogre is severely wounded.
The ogre barely misses you. The necrophage barely misses you.
Casting: Sting (safe; 4% risk of failure)
Confirm with . or Enter, or press ? or * to list all spells.
Aiming: Sting (safe; 4% risk of failure)
Press: ? - help, Shift-Dir - straight line, f/p - ogre
Aim: an ogre, wielding a +0 giant club (severely wounded, very poisoned, 86% to hit)
The sting hits the ogre.
The ogre looks as sick as possible!
The ogre is almost dead.
The necrophage hits you.
* * * LOW HITPOINT WARNING * * *
The ogre barely misses you. The necrophage hits you.
* * * LOW HITPOINT WARNING * * *
There is an open door here.
You kill the ogre!
Your life force feels restored.
You have reached level 5!
The necrophage barely misses you. The necrophage completely misses you.
There is a stone staircase leading up, spattered with blood here.
You see here a +0 club.
As you read the scroll of teleportation, it crumbles to dust.
You feel strangely unstable. The necrophage hits you.
You die...
Your body crumbles into a pile of gold.

###############
#.............#
#....@n<......#
#..##.).###...#
####..##'#####...#
#................#
#................#
#................#
#................#
#................#
########+####'####...#


You could see a necrophage.

Vanquished Creatures
  An ogre (D:4)
  4 gnolls (D:4)
  2 adders (D:3)
  3 worms
  2 dart slugs
  2 orcs (D:3)
  6 ball pythons
  2 endoplasms (D:1)
  2 giant cockroaches
  3 hobgoblins
  3 jackals (D:2)
  A quokka (D:3)
  4 bats
  3 frilled lizards
  3 goblins
  2 kobolds (D:3)
  A quokka skeleton (D:4)
  4 rats
48 creatures vanquished.

Notes
Turn   | Place    | Note
-------+----------+-------------------------------------------
     0 | D:1      | terff the Barachi Venom Mage began the quest for the Orb.
     0 | D:1      | Reached XP level 1. HP: 13/13 MP: 3/3
   950 | D:1      | Reached XP level 2. HP: 19/19 MP: 2/5
  1018 | D:1      | Learned a level 2 spell: Poisonous Vapours
  1907 | D:2      | Reached XP level 3. HP: 20/24 MP: 0/7
  2352 | D:2      | Found a faded altar of an unknown god.
  2815 | D:3      | Found a blossoming altar of Fedhas.
  3174 | D:3      | Found an opulent altar of Gozag.
  3192 | D:3      | Became a worshipper of Gozag Ym Sagoz the Greedy
  3217 | D:3      | Found a radiant altar of Vehumet.
  3257 | D:3      | Reached skill level 4 in Poison Magic
  3257 | D:3      | Reached XP level 4. HP: 30/30 MP: 2/8
  3706 | D:4      | Reached skill level 1 in Air Magic
  4043 | D:4      | Noticed a necrophage
  4043 | D:4      | Noticed an ogre
  4058 | D:4      | HP: 1/29 [necrophage (4)]
  4059 | D:4      | Killed an ogre
  4060 | D:4      | Reached XP level 5. HP: 1/36 MP: 8/10
  4072 | D:4      | Slain by a necrophage

Illustrated notes

Levels and vault maps discovered:
D:1:      minmay_arrival_wavy_path, layout_loops_corners
D:2:      layout_basic, shapermc_ecumenical_altar_totnotflames,
          hangedman_decor_growths, minivault_23
D:3:      layout_basic, nicolae_gozag_cash_rules_everything_around_me,
          overflow_temple_1_default, mainiacjoe_overflow_concentric_impassable,
          minivault_4, st_stairs_1
D:4:      layout_gridville, minmay_temple_entry_glassed_door, serial_shops,
          kennysheep_mini_moat, uniq_natasha

Skill      XL: |  1  2  3  4 |
---------------+-------------+-----
Stealth        | 2 |  2.1
Spellcasting   | 3 |  3.9
Poison Magic   | 4 |  4.5
Air Magic      | 1 |  1.2
Transmutations | 2 |  2.3
Fighting       | |  0.3
Short Blades   | |  0.2
Dodging        | |  2.6

Action                   |  1- 3 |  4- 6 || total
-------------------------+-------+-------++-------
Melee: Unarmed           |    37 |       ||    37
       Punch             |     2 |       ||     2
       Dagger            |     4 |    15 ||    19
 Cast: Sting             |    50 |    15 ||    65
       Poisonous Vapours |    10 |     9 ||    19
 Abil: Hop               |     1 |       ||     1
  Use: Scroll            |     7 |     1 ||     8
Armor: Robe              |    12 |     1 ||    13
Dodge: Dodged            |    50 |    22 ||    72
